 Dungeon Crawl Stone Soup version 0.30.0-16-gbe6223bb7e (webtiles) character file.

Game seed: 17622810945127416724

131 Zdeegee the Sneak (level 4, -1/23 HPs)
             Began as a Spriggan Brigand on May 21, 2023.
             Slain by Natasha (8 damage)
             ... on level 2 of the Dungeon.
             The game lasted 00:03:28 (1514 turns).

Zdeegee the Sneak (Spriggan Brigand)                Turns: 1514, Time: 00:03:29

Health: -1/23      AC:  3    Str: 13    XL:     4   Next: 91%
Magic:  5/5        EV: 17    Int: 12    God:
Gold:   61         SH:  0    Dex: 18    Spells: 3/3 levels left

rFire   . . .        a - +2 dagger
rCold   . . .        (no shield)
rNeg    . . .        b - +0 robe
rPois   .            (helmet restricted)
rElec   .            c - +0 cloak
rCorr   .            (gloves unavailable)
SInv    +            (boots unavailable)
Will    .....        (no amulet)
Stlth   ++++         k - +6 ring of strength
HPRegen 0.23/turn    m - ring of wizardry
MPRegen 0.09/turn

%: wizardry (x1)
@: very quick
A: very small, no large weapons, unfitting armour, see invisible, speed 3
a: no special abilities


You were on level 2 of the Dungeon.
You visited 1 branch of the dungeon, and saw 2 of its levels.

You collected 61 gold pieces.

Inventory:

Hand Weapons
 a - a +2 dagger (weapon)
Missiles
 d - 9 poisoned darts (quivered)
 e - 3 curare-tipped darts
Armour
 b - a +0 robe (worn)
 c - a +0 cloak (worn)
Jewellery
 k - a +6 ring of strength (left hand)
 m - a ring of wizardry (right hand)
 o - an amulet of the acrobat
Scrolls
 f - 2 scrolls of vulnerability {unknown}
 g - 3 scrolls of identify {unknown}
 h - 2 scrolls of enchant armour {unknown}
 i - a scroll of immolation {unknown}
 j - 2 scrolls of silence {unknown}
 n - a scroll of summoning {unknown}
Potions
 l - a potion of curing {unknown}


   Skills:
 * Level 2.0 Fighting
 * Level 3.3 Short Blades
 + Level 2.0 Throwing
 * Level 2.0 Dodging
 * Level 7.3 Stealth
 * Level 0.9 Hexes
 * Level 1.1 Invocations
 * Level 1.5 Evocations


You had 3 spell levels left.
You didn't know any spells.
Your spell library was empty.

Dungeon Overview and Level Annotations

Branches:
Dungeon (2/15)

Altars:

Annotations:
D:2 Natasha


Innate Abilities, Weirdness & Mutations

You are very small and have problems with some larger weapons.
You are too small for most types of armour.
You have supernaturally acute eyesight. (SInv)
You cover ground extremely quickly. (Speed+++)


Message History

Natasha claws you but does no damage.
You hit Natasha.
Natasha is moderately wounded.
You hit Natasha.
Natasha is heavily wounded.
Natasha barely misses you.
You hit Natasha.
Natasha is almost dead.
Natasha casts a spell at you. The magic dart hits you.
You miss Natasha.
Natasha is almost dead.
Natasha claws you.
You are too injured to fight recklessly!
You are too injured to fight recklessly!
You are too injured to fight recklessly!
You are too injured to fight recklessly!
You completely miss Natasha.
Natasha is almost dead.
Natasha growls.
Natasha closely misses you.
You hit Natasha but do no damage.
Natasha is almost dead.
Natasha claws you.
* * * LOW HITPOINT WARNING * * *
You miss Natasha.
Natasha is almost dead.
You closely miss Natasha.
Natasha is almost dead.
Natasha barely misses you.
You hit Natasha.
Natasha is almost dead.
Natasha closely misses you.
You closely miss Natasha.
Natasha is almost dead.
Natasha misses you.
You closely miss Natasha.
Natasha is almost dead.
Natasha claws you!
You die...

........#####........#.##########
.................................
.....................#.##########
.................#.....#.....#...
.................#.#####.###.#.##
.................##### #.#.#.#.#
.....................# #...#.#.#
.#######........####.# ###.#.#.#
...†...........h@..#.### #.#.#.#
.###########...........# #.#...#
.# ####.......#.#.# #.##### ##
#..........#.#.# #.# .#
#.##.......#.#.###.# .#
#.###......#.#.....#
.########..........#.############
.......#####.......#.....>.......
.#####.# #.......#############.


You could see Natasha (invisible).

Vanquished Creatures
  Jessica (D:2)
  Natasha (twice) (D:2)
  2 adders (D:2)
  A worm (D:2)
  3 ball pythons
  3 bats
  2 endoplasms (D:1)
  2 giant cockroaches (D:1)
  A goblin (D:1)
  5 hobgoblins
  3 kobolds
  2 quokkas (D:1)
  4 frilled lizards
  6 rats
37 creatures vanquished.

Notes
Turn   | Place    | Note
-------+----------+-------------------------------------------
     0 | D:1      | Zdeegee the Spriggan Brigand began the quest for the Orb.
     0 | D:1      | Reached XP level 1. HP: 10/10 MP: 2/2
    72 | D:1      | Reached skill level 6 in Stealth
   175 | D:1      | Reached XP level 2. HP: 15/15 MP: 3/3
   801 | D:2      | Noticed Jessica
   820 | D:2      | Killed Jessica
   821 | D:2      | Reached skill level 1 in Evocations
   821 | D:2      | Reached XP level 3. HP: 18/18 MP: 4/4
   948 | D:2      | Reached XP level 4. HP: 15/23 MP: 5/5
  1064 | D:2      | Reached skill level 7 in Stealth
  1173 | D:2      | Noticed Natasha
  1189 | D:2      | Killed Natasha
  1190 | D:2      | Reached skill level 1 in Invocations
  1468 | D:2      | Noticed Natasha
  1480 | D:2      | Killed Natasha
  1493 | D:2      | Noticed Natasha
  1514 | D:2      | Slain by Natasha

Illustrated notes

Levels and vault maps discovered:
D:1:      lightli_arrival_quake, layout_basic
D:2:      layout_basic, basic_altar, minmay_misc_feat_roman, uniq_natasha,
          uniq_jessica

Skill      XL: |  1  2  3  4 |
---------------+-------------+-----
Stealth        | 6 7 |  7.3
Evocations     | 1 |  1.5
Short Blades   | 3 |  3.3
Fighting       | 2 |  2.0
Invocations    | 1 |  1.1
Dodging        | 2 |  2.0
Throwing       | |  2.0
Hexes          | |  0.9

Action                     |  1- 3 |  4- 6 || total
---------------------------+-------+-------++-------
  Melee: Dagger            |    79 |    63 ||   142
   Stab: Sleeping          |    10 |     4 ||    14
 Armour: Robe              |     4 |     7 ||    11
  Dodge: Dodged            |    40 |    35 ||    75
